 Dungeon Crawl Stone Soup version 0.26.0-10-g1f06aea511 (webtiles) character file.

Game seed: 11954086865867184098

246 mkm the Digger (level 6, -1/32 HPs)
             Began as a Gargoyle Earth Elementalist on Jan 16, 2021.
             Was an Initiate of Vehumet.
             Slain by an orc wizard
             ... wielding a +0 dagger
              (4 damage)
             ... on level 4 of the Dungeon.
             The game lasted 00:14:29 (4868 turns).

mkm the Digger (Gargoyle Earth Elementalist)        Turns: 4868, Time: 00:14:30

Health: -1/32      AC:  4    Str: 10 (11) XL:     6   Next: 11%
Magic:  8/10       EV: 12    Int: 17 (18) God:    Vehumet [......]
Gold:   227        SH:  0    Dex:  9 (10) Spells: 2/11 levels left

rFire    . . .     SeeInvis .   e - +2 dagger (vamp)
rCold    . . .     Faith    .   (no shield)
rNeg     + . .     Spirit   .   (no armour)
rPois    ∞         Reflect  .   (no helmet)
rElec    +         Harm     .   (no cloak)
rCorr    .         Rampage  .   (no gloves)
Will     .....                  (no boots)
Stlth    ++........             (no amulet)
HPRegen  0.10/turn              (no ring)
MPRegen  0.12/turn              (no ring)

@: no status effects
A: negative energy resistance 1, electricity resistance, unbreathing,
petrification resistance, miasma immunity, AC +4
a: Renounce Religion


You were on level 4 of the Dungeon.
You worshipped Vehumet.
Vehumet was noncommittal.
You visited 2 branches of the dungeon, and saw 5 of its levels.

You collected 227 gold pieces.

Inventory:

Hand Weapons
 e - a +2 vampiric dagger (weapon)
Missiles
 b - 27 stones
Armour
 c - a +0 robe
Jewellery
 m - an uncursed ring of magical power {unknown}
Wands
 j - a wand of acid (6)
Scrolls
 f - 5 scrolls of identify {unknown}
 i - a scroll of remove curse {unknown}
 k - 2 scrolls of teleportation {unknown}
 l - 3 scrolls of amnesia {unknown}
Potions
 a - 2 potions of haste


   Skills:
 - Level 1.5 Dodging
 - Level 2.1 Stealth
 + Level 3.3 Spellcasting
 + Level 2.3 Conjurations
 + Level 2.4 Transmutations
 + Level 5.1 Earth Magic
 + Level 0.6 Evocations


You had 2 spell levels left.
You knew the following spells:

 Your Spells              Type           Power        Failure   Level
a - Sandblast             Erth           40%          1%          1
b - Stone Arrow           Conj/Erth      30%          11%         3
c - Lee's Rapid Deconstr  Erth           10%          50%         5

Your spell library contained the following spells:

 Spells                   Type           Power        Failure   Level
 Passwall                 Tmut/Erth      12%          5%          2
 Petrify                  Tmut/Erth      15%          34%         4


Dungeon Overview and Level Annotations

Branches:
Dungeon (4/15)             Temple (1/1) D:4

Altars:
Ashenzari
Dithmenos
Fedhas
Gozag
Hepliaklqana
Makhleb
Nemelex Xobeh
Okawaru
Qazlal
Ru
Trog
Uskayaw
Vehumet
Wu Jian
Xom
Yredelemnul
Zin
The Shining One


Innate Abilities, Weirdness & Mutations

You are resistant to torment.
Your stone body is resilient. (AC +4)
You are immune to poison.
You resist negative energy. (rN+)
You are resistant to electric shocks. (rElec)
You can survive without breathing.
You are immune to petrification.
You are immune to miasma.


Message History

A puff of flame appears from out of thin air!
The puff of flame hits you!
You bump into the rock wall.
Something hits you.
* * * LOW HITPOINT WARNING * * *
You closely miss something. Something hits you but does no damage.
You're too confused to move!
Something hits you but does no damage.
You bump into the rock wall.
You hear some strange, mumbled words.
You are more confused.
You closely miss something.
You hear some strange, mumbled words.
A magic dart appears from out of thin air!
The magic dart hits you.
* * * LOW HITPOINT WARNING * * *
It was a potion of cancellation.
Your magical effects are unravelling.
You feel magically purged.
You feel less confused. Something hits you.
You die...

#.###### #.#..##.#
##'### #......#
#.#.###.# #.#..
######.# ##..##.##
#.#.# #.# ##...##
##.#.# #.# #.###
####....#
#######.# #.#
##........
........# #<#
#...#....#
#########
#{#######...##.#..
#@..........######
#############


There were no monsters in sight!

Vanquished Creatures
  An orc priest (D:4)
  An orc wizard (D:3)
  A worker ant (D:3)
  8 adders
  2 worms
  2 dart slugs (D:1)
  A leopard gecko (D:3)
  10 orcs
  A ball python (D:3)
  5 bats
  2 giant cockroaches
  7 goblins
  10 hobgoblins
  7 jackals
  6 kobolds
  3 frilled lizards
  A quokka skeleton (D:3)
  7 rats
75 creatures vanquished.

Notes
Turn   | Place    | Note
-------+----------+-------------------------------------------
     0 | D:1      | mkm the Gargoyle Earth Elementalist began the quest for the
                  | Orb.
     0 | D:1      | Reached XP level 1. HP: 10/10 MP: 3/3
    58 | D:1      | Reached skill level 1 in Transmutations
    90 | D:1      | Reached XP level 2. HP: 7/15 MP: 1/5
   534 | D:1      | Reached skill level 4 in Earth Magic
  1182 | D:2      | Reached XP level 3. HP: 19/19 MP: 2/6
  1186 | D:2      | Learned a level 3 spell: Stone Arrow
  1749 | D:2      | Reached XP level 4. HP: 21/24 MP: 3/7
  2026 | D:3      | Reached skill level 1 in Conjurations
  3031 | D:3      | Reached XP level 5. HP: 28/28 MP: 5/9
  3037 | D:3      | Learned a level 5 spell: Lee's Rapid Deconstruction
  3715 | D:4      | Found a staircase to the Ecumenical Temple.
  3725 | Temple   | Entered the Ecumenical Temple
  3846 | Temple   | Became a worshipper of Vehumet
  4223 | D:4      | Found a shimmering altar of Xom.
  4224 | D:4      | Found an opulent altar of Gozag.
  4770 | D:4      | Reached skill level 5 in Earth Magic
  4774 | D:3      | Reached XP level 6. HP: 32/32 MP: 4/10
  4868 | D:4      | Slain by an orc wizard

Illustrated notes

Levels and vault maps discovered:
D:1:      doesnt_arrival_eight_statues, layout_basic
D:2:      layout_rooms
D:3:      layout_basic
D:4:      minmay_octagon_keep, layout_loops_corners,
          gammafunk_temple_overflow_pools, minmay_temple_entry_mist
Temple:   nicolae_temple_x_marks_the_god

Skill      XL: |  1  2  3  4  5 |
---------------+----------------+-----
Transmutations | 1 2 |  2.4
Earth Magic    | 4 5 |  5.1
Conjurations   | 1 2 |  2.3
Spellcasting   | 3 |  3.3
Dodging        | |  1.5
Stealth        | |  2.1
Evocations     | |  0.6

Action                   |  1- 3 |  4- 6 || total
-------------------------+-------+-------++-------
Melee: Club              |    23 |       ||    23
       Dagger            |    21 |    54 ||    75
 Cast: Sandblast         |    39 |    48 ||    87
       Stone Arrow       |       |    28 ||    28
  Use: Potion            |       |     5 ||     5
 Stab: Sleeping          |     1 |       ||     1
Armor: Robe              |    10 |       ||    10
       Skin              |     5 |    32 ||    37
Dodge: Dodged            |    47 |    52 ||    99
